 Dungeon Crawl Stone Soup version 0.21-a0-507-ga8f6b7a (webtiles) character file.

471 theanonym the Chopper (level 6, -3/50 HPs)
             Began as a Demigod Fighter on Nov 27, 2017.
             Slain by an ogre
             ... wielding a +0 giant spiked club
              (19 damage)
             ... on level 4 of the Dungeon.
             The game lasted 00:04:50 (4412 turns).

theanonym the Chopper (Demigod Fighter)             Turns: 4412, Time: 00:04:51

Health: -3/50      AC: 10    Str: 23      XL:     6   Next: 52%
Magic:  8/8        EV:  8    Int: 10 (12) God:
Gold:   251        SH:  9    Dex: 15      Spells: 5/5 levels left

rFire    . . .     SeeInvis .   a - +0 war axe
rCold    . . .     Gourm    .   c - +0 shield
rNeg     . . .     Faith    .   s - +4 ring mail of the Journeyman {+Inv}
rPois    +         Spirit   .   D - +0 helmet
rElec    .         Reflect  .   (no cloak)
rCorr    .         Harm     .   (no gloves)
MR       .....                  (no boots)
Stlth    +.........             (no amulet)
HPRegen  0.16/turn              z - ring of poison resistance {rPois}
MPRegen  0.11/turn              (no ring)

@: no status effects
A: high mp 1
a: Evoke Invisibility


Innate Abilities, Weirdness & Mutations

You have an increased reservoir of magic. (+10% MP)


   Skills:
 - Level 2.6 Fighting
 + Level 6.8 Axes
 - Level 2.6 Armour
 - Level 2.6 Shields


You had 5 spell levels left.
You didn't know any spells.

Skill      XL: |  1  2  3  4  5 |
---------------+----------------+-----
Axes           | 2 3 4 5 6 |  6.8
Fighting       | |  2.6
Armour         | |  2.6
Shields        | |  2.6

Action                   |  1- 3 |  4- 6 || total
-------------------------+-------+-------++-------
Melee: War axe           |    78 |   174 ||   252
  Use: Potion            |     1 |     5 ||     6
 Stab: Invisible         |       |     1 ||     1
  Eat: Chunk             |     1 |    10 ||    11
Armor: Scale mail        |    33 |    49 ||    82
       Ring mail         |       |    15 ||    15
Dodge: Dodged            |    25 |    52 ||    77
Block: Shield            |    55 |    79 ||   134

Inventory:

Hand Weapons
 a - a +0 war axe (weapon)
 e - a +0 blowgun
   (You took it off a kobold on level 3 of the Dungeon)
Missiles
 p - 2 throwing nets (quivered)
 y - 3 tomahawks
Armour
 b - a +0 scale mail
 c - a +0 shield (worn)
 s - the +4 ring mail of the Journeyman (worn) {+Inv}
   (You found it on level 4 of the Dungeon)

   It lets you turn invisible.
 D - a +0 helmet (worn)
   (You took it off Robin on level 2 of the Dungeon)
Jewellery
 z - a ring of poison resistance (left hand) {rPois}
   (You found it on level 2 of the Dungeon)
Wands
 d - a wand of digging (8)
   (You found it on level 4 of the Dungeon)
Scrolls
 i - 3 scrolls of blinking {unknown}
 j - 5 scrolls of identify {unknown}
 l - a scroll of random uselessness {unknown}
 m - 2 scrolls of remove curse {unknown}
 n - 2 scrolls of enchant armour {unknown}
 o - a scroll of magic mapping {unknown}
 r - a scroll of immolation {unknown}
 w - a scroll of teleportation {unknown}
Potions
 h - a potion of flight
 q - a potion of heal wounds
 v - a potion of cancellation {unknown}
 x - a potion of resistance {unknown}
 A - a potion of magic
 B - a potion of curing {unknown}
 C - a potion of lignification {unknown}
Comestibles
 f - 4 bread rations
 g - a meat ration
 k - 2 royal jellies
 t - 2 fruits

Dungeon Overview and Level Annotations

Branches:
Dungeon (5/15)
 Temple: D:4-7

Shops:
D:4 :


You were on level 4 of the Dungeon.
You were not hungry.

You visited 1 branch of the dungeon, and saw 5 of its levels.

You collected 251 gold pieces.


Message History

You slice the orc!!
You kill the orc!
You feel your dexterity returning.
No target in view!
You start resting.
Health restored: 50
Things that are here:
a flail; an orc corpse You butcher the orc corpse.
u - 4 chunks of flesh (gained 1)
You see here a flail. x2
Some of the chunks of flesh in your inventory have rotted away.
Things that are here:
a dagger of venom; a robe; an orc corpse You butcher the orc corpse.
u - 5 chunks of flesh (gained 4)
Things that are here:
a dagger of venom; a robe
Things that are here:
a dagger of venom; a robe You are feeling hungry.
Things that are here:
a whip; an orc corpse Eating one of 5 chunks of flesh.
You eat one of the 5 chunks of flesh.
You butcher the orc corpse.
u - 7 chunks of flesh (gained 3)
You see here a whip. x2
C - a bubbling puce potion
There is an entrance to Keschezirch's Book Shop here.
f - 4 bread rations (gained 1) Key pressed, stopping explore.
There is a stone staircase leading down here.
There is a stone staircase leading up here.
A ball python skeleton comes into view.
A ball python skeleton is nearby!
A ball python skeleton is nearby!
A ball python skeleton is nearby!
A ball python skeleton is nearby!
A ball python skeleton is nearby!
You slash the ball python skeleton!
You destroy the ball python skeleton!
No target in view!
No target in view!
No target in view!
No target in view!
d - a wand of digging (8);
D - a +0 helmet (worn)
You open the door.
There is an open door here.
You open the door.
There is an open door here.
You now have 251 gold pieces (gained 8).
Found an escape hatch in the ceiling.
Found a stone staircase leading down.
There is a stone staircase leading down here.
All of the chunks of flesh in your inventory have rotted away.
There is an open door here.
You see here 5 poisoned needles.
There is an open door here.
There is an open door here.
Done exploring.
Done exploring.
Done exploring.
Done exploring.
Done exploring.
There is an escape hatch in the floor here.
There is an open door here.
There is a stone staircase leading down here.
You climb downwards.
A scorpion, an orc and an ogre come into view.
The orc shouts!
The ogre shouts!
You hear an angry hiss.
Found an encrusted wooden ring, a bread ration and 9 gold pieces.
There is a stone staircase leading up here.
There are monsters nearby!
There are monsters nearby!
There are monsters nearby!
There are monsters nearby!
You completely miss the orc. The orc hits you with a club.
You take 2 damage, and have 48/50 hp.
Your ring mail of the Journeyman prevents you from hitting the orc.
The orc closely misses you.
An adder comes into view.
You slash the orc!
You kill the orc! 2 orcs come into view.
An orc is wielding a flail of holy wrath.
The orc shouts!
You hear a shout!
An orc comes into view.
The orc shouts!
You block the ogre's attack.
You climb upwards.
There is a stone staircase leading down here.
You slash the ogre!
The ogre hits you with a giant spiked club!
You take 17 damage, and have 32/50 hp.
MASSIVE DAMAGE!!
You slash the ogre!
The ogre hits you with a giant spiked club!
* * * LOW HITPOINT WARNING * * *
You take 16 damage, and have 16/50 hp.
MASSIVE DAMAGE!!
You barely miss the ogre.
The ogre hits you with a giant spiked club!!
You die...

...####.....#..#.#
.........##.#.[#.#
.........##.#..#.#####
##.###..............<#
.....#.#..#....#.#####
.#.#.#.#.........#
.#.#.#.##.....######
.#.#.#.............#
...............O@#.#
.#.#.....#..######.#
##.####.....# #.#
...####..##.# ####.####
............# #.......#
###......######.##.##.#
..#....####...#.#.....#
#.#..###..'...'..####.#
.....###'##^..#### ###


You could see an ogre.

Notes
Turn   | Place    | Note
-------+----------+-------------------------------------------
     0 | D:1      | theanonym the Demigod Fighter began the quest for the Orb.
     0 | D:1      | Reached XP level 1. HP: 18/18 MP: 3/3
    47 | D:1      | Reached skill level 2 in Axes
   223 | D:1      | Reached XP level 2. HP: 25/25 MP: 4/4
   562 | D:1      | Reached skill level 3 in Axes
   954 | D:2      | HP: 9/25 [gnoll/spear (8)]
  1167 | D:2      | Reached XP level 3. HP: 27/30 MP: 5/5
  1203 | D:2      | Reached skill level 4 in Axes
  1207 | D:2      | HP: 12/30 [worm (8)]
  1214 | D:2      | HP: 9/30 [goblin/dagger[Robin] (1)]
  1215 | D:2      | Reached XP level 4. HP: 11/37 MP: 6/6
  1233 | D:2      | Noticed Robin
  1444 | D:2      | Killed Robin
  1531 | D:2      | HP: 18/37 [gnoll/spear (3)]
  1838 | D:2      | Found an iron altar of Okawaru.
  1841 | D:2      | Reached skill level 5 in Axes
  1841 | D:2      | Reached XP level 5. HP: 42/42 MP: 7/7
  1849 | D:2      | HP: 10/42 [gnoll/halberd (12)]
  1851 | D:2      | HP: 4/42 [gnoll/halberd (6)]
  2121 | D:2      | Found a sparkling altar of Nemelex Xobeh.
  2413 | D:3      | Found a bloodstained altar of Trog.
  2502 | D:3      | Noticed an ice beast
  2509 | D:3      | HP: 19/42 [ice beast (8)]
  2515 | D:3      | HP: 17/42 [ice beast (3)]
  2515 | D:3      | HP: 6/42 [ice beast (11)]
  2522 | D:3      | Killed an ice beast
  2999 | D:3      | theanonym: !lg * s=title title=~divine
  2999 | D:3      | beem: 102 games for * (title=~divine): 79x Divine Blade, 9x Divine Porcupine, 7x Divine Barricade, 5x Divine Arbalest, Placeless Divine, Divine Ballista
  3010 | D:3      | Reached skill level 6 in Axes
  3437 | D:3      | Reached XP level 6. HP: 48/50 MP: 8/8
  3688 | D:4      | Got a brightly glowing ring mail
  3699 | D:4      | Identified the +4 ring mail of the Journeyman {+Inv} (You found it on level 4 of the Dungeon)
  4060 | D:4      | Found Keschezirch's Book Shop.
  4403 | D:5      | Entered Level 5 of the Dungeon
  4411 | D:4      | HP: 16/50 [ogre/giant spiked club (17)]
  4412 | D:4      | Slain by an ogre

Vanquished Creatures
  An ice beast (D:3)
  A crimson imp (D:2)
  A howler monkey (D:4)
  An orc priest (D:4)
  An orc wizard (D:4)
  A worker ant (D:4)
  Robin (D:2)
  7 gnolls (D:2)
  4 adders
  2 oozes
  3 worms
  4 dart slugs
  4 leopard geckos
  5 orcs
  A ball python (D:1)
  5 bats
  11 goblins
  8 hobgoblins
  8 jackals
  2 quokkas
  A ball python skeleton (D:4)
  4 frilled lizards
  5 kobolds
  A leopard gecko skeleton (D:4)
  10 rats
92 creatures vanquished.
